AoeStats
← aawwd

Fortress

510218817Analyzed
3v3 RM · 4d ago on Sep 30, 2026· 92m 58s· 6 players
Game mode
Random Map
Map size
Large (8 player)
Population
200
Speed
Normal
Resources
Standard
Victory
Conquest
Starting age
Dark Age
Ending age
Imperial Age
RankedLock teamsTeams togetherTeam positionsShared explorationLock speedFull tech treeHidden civsTurbo modeCheats
Victory
Defeat
🇧🇷 Bulgarians · Brazil
1835
+6
🇧🇷 Aztecs · Brazil
1517
+16
🇧🇷 Poles · Brazil
1468
+18
🇺🇸 Byzantines · United States
1584
-15
🇫🇮 Huns · Finland
1579
-15
🇺🇸 Lithuanians · United States
1458
-10
FofocaStyle
7:31 Feudal Age
11:09 Castle Age
9:37 Double-Bit Axe
9:58 Horse Collar
12:42 Loom
13:49 Bow Saw
20:31 Wheelbarrow
21:08 Town Watch
21:19 Gold Mining
24:33 Imperial Age
22:31 Fletching
23:05 Bodkin Arrow
22:33 Crossbowman
23:29 Heavy Plow
23:20 Stone Mining
24:48 Ballistics
24:37 Arbalester
25:19 Bracer
26:01 Conscription
26:26 Padded Archer Armor
27:29 Chemistry
27:25 Leather Archer Armor
27:45 Hand Cart
29:24 Gold Shaft Mining
29:28 Crop Rotation
30:30 Elite Skirmisher
32:02 Atlatl
32:30 Squires
31:51 Pikeman
33:26 Scale Mail Armor
33:36 Forging
33:49 Garland Wars
33:45 Arson
33:35 Capped Ram
36:00 Iron Casting
35:41 Chain Mail Armor
37:28 Blast Furnace
37:17 Plate Mail Armor
38:05 Eagle Warrior
38:51 Elite Eagle Warrior
40:25 Caravan
43:44 Siege Ram
53:39 Town Patrol
56:35 Coinage
59:48 Siege Engineers
63:19 Banking
77:49 Fortified Wall
77:24 Elite Jaguar Warrior
79:03 Gambesons
m0reno
7:42 Feudal Age
11:19 Castle Age
9:22 Double-Bit Axe
9:37 Horse Collar
13:00 Bow Saw
15:31 Wheelbarrow
15:59 Loom
17:59 Heavy Plow
17:50 Gold Mining
18:41 Stone Mining
20:53 Hand Cart
20:24 Town Watch
23:59 Imperial Age
21:31 Scale Mail Armor
22:42 Forging
24:23 Chain Mail Armor
24:43 Iron Casting
25:28 Plate Mail Armor
24:24 Elite Obuch
27:10 Blast Furnace
27:23 Conscription
28:33 Coinage
28:04 Caravan
29:16 Crop Rotation
29:55 Scale Barding Armor
30:03 Szlachta Privileges
30:19 Lechitic Legacy
30:38 Banking
31:40 Chain Barding Armor
32:13 Fortified Wall
32:24 Ballistics
34:53 Chemistry
34:05 Masonry
33:21 Light Cavalry
34:12 Bloodlines
34:02 Husbandry
35:13 Lechitic Legacy
34:58 Winged Hussar
37:48 Hoardings
45:03 Fletching
54:02 Cavalier
Agressive
7:27 Feudal Age
11:07 Castle Age
9:16 Double-Bit Axe
10:21 Horse Collar
12:07 Bow Saw
16:56 Wheelbarrow
18:17 Heavy Plow
18:20 Stone Mining
18:21 Gold Mining
21:23 Gold Shaft Mining
21:32 Loom
21:33 Town Watch
24:37 Imperial Age
22:22 Hand Cart
23:21 Scale Barding Armor
24:39 Stone Shaft Mining
24:59 Chain Barding Armor
24:51 Bloodlines
24:41 Husbandry
25:05 Heavy Scorpion
25:06 Onager
26:49 Chemistry
27:02 Fletching
27:41 Bodkin Arrow
28:08 Conscription
28:27 Bracer
29:49 Plate Barding Armor
29:31 Forging
29:44 Siege Engineers
29:28 Elite Konnik
30:54 Stirrups
32:16 Iron Casting
32:17 Ballistics
32:39 Masonry
33:42 Blast Furnace
33:33 Squires
33:19 Arson
33:20 Gambesons
35:02 Architecture
35:45 Scale Mail Armor
35:44 Capped Ram
35:48 Siege Onager
38:19 Caravan
42:22 Light Cavalry
43:20 Chain Mail Armor
43:10 Hussar
47:17 Murder Holes
47:37 Pikeman
52:00 Bagains
61:15 Coinage
62:07 Town Patrol
62:47 Siege Ram
64:30 Banking
66:34 Plate Mail Armor
71:03 Padded Archer Armor
70:55 Guard Tower
70:56 Heated Shot
79:45 Keep
86:46 Leather Archer Armor
88:25 Thumb Ring
88:47 Parthian Tactics
87:54 Heavy Cavalry Archer
p0ni spice latte
8:02 Feudal Age
12:04 Castle Age
9:47 Horse Collar
10:21 Double-Bit Axe
13:18 Bow Saw
13:18 Heavy Plow
16:56 Loom
19:15 Heavy Plow
19:51 Wheelbarrow
19:47 Gold Mining
21:45 Gold Shaft Mining
21:45 Hand Cart
25:48 Imperial Age
23:46 Stone Mining
25:03 Stone Shaft Mining
24:31 Fletching
25:26 Scale Mail Armor
25:30 Pikeman
26:11 Squires
26:28 Chain Mail Armor
26:11 Bodkin Arrow
27:58 Chemistry
27:37 Conscription
26:41 Crossbowman
27:26 Thumb Ring
28:13 Bracer
28:14 Padded Archer Armor
28:36 Ballistics
29:30 Fortified Wall
30:02 Plate Mail Armor
29:43 Forging
29:25 Treadmill Crane
29:40 Murder Holes
30:42 Leather Archer Armor
31:03 Iron Casting
32:11 Ring Archer Armor
32:53 Logistica
32:59 Scale Barding Armor
33:23 Arbalester
34:26 Chain Barding Armor
36:11 Plate Barding Armor
36:51 Crop Rotation
36:22 Elite Skirmisher
40:03 Guilds
39:46 Capped Ram
39:53 Halberdier
41:35 Coinage
41:06 Caravan
41:25 Guard Tower
41:33 Arson
41:34 Gambesons
41:10 Elite Varangian Guard
43:12 Banking
44:35 Hoardings
45:03 Husbandry
47:58 Guard Tower
52:35 Two-Man Saw
51:33 Capped Ram
56:49 Elite Cataphract
57:03 Heavy Camel Rider
59:48 Light Cavalry
67:48 Hussar
77:30 Keep
76:41 Arrowslits
77:17 Bombard Tower
76:38 Onager
76:40 Siege Ram
76:54 Cavalier
78:37 Paladin
81:16 Siege Ram
aawwd
7:33 Feudal Age
11:28 Castle Age
9:20 Horse Collar
9:55 Double-Bit Axe
12:26 Wheelbarrow
12:42 Bow Saw
12:34 Heavy Plow
21:54 Scale Barding Armor
21:48 Loom
24:16 Hand Cart
27:08 Imperial Age
24:42 Gold Mining
25:15 Ballistics
24:49 Light Cavalry
25:40 Bloodlines
26:37 Forging
27:03 Chain Barding Armor
27:19 Husbandry
27:55 Iron Casting
28:19 Conscription
28:00 Elite Leitis
29:20 Plate Barding Armor
30:35 Crop Rotation
31:09 Two-Man Saw
30:20 Winged Hussar
32:10 Masonry
36:42 Caravan
40:25 Chemistry
40:19 Fortified Wall
50:34 Fletching
51:16 Architecture
52:26 Bodkin Arrow
53:13 Treadmill Crane
53:35 Town Watch
53:51 Bracer
57:48 Bombard Tower
57:32 Tower Shields
58:09 Hoardings
57:36 Scale Mail Armor
57:49 Cavalier
61:48 Coinage
62:51 Paladin
77:29 Padded Archer Armor
77:21 Heated Shot
79:04 Capped Ram
mundobear
8:50 Feudal Age
9:26 Double-Bit Axe
12:46 Castle Age
13:55 Bow Saw
14:21 Wheelbarrow
15:39 Loom
20:10 Horse Collar
21:18 Stone Mining
21:18 Gold Mining
21:54 Town Watch
24:59 Imperial Age
22:21 Fletching
23:05 Thumb Ring
23:54 Bodkin Arrow
24:11 Caravan
25:20 Stone Mining
25:46 Bracer
26:48 Chemistry
26:25 Conscription
26:19 Bloodlines
26:09 Husbandry
26:12 Padded Archer Armor
25:35 Light Cavalry
27:09 Ballistics
26:59 Scale Barding Armor
27:04 Forging
27:44 Leather Archer Armor
28:02 Parthian Tactics
28:05 Town Patrol
28:24 Hand Cart
28:20 Heavy Cavalry Archer
30:05 Chain Barding Armor
31:47 Iron Casting
32:34 Atheism
34:17 Plate Barding Armor
35:27 Blast Furnace
35:00 Masonry
35:00 Hussar
37:52 Coinage
39:20 Banking
39:02 Guilds
38:46 Capped Ram
39:41 Siege Ram
44:47 Town Patrol
44:42 Cavalier
44:45 Elite Tarkan
47:54 Marauders
48:17 Scale Mail Armor
59:34 Murder Holes
59:56 Chain Mail Armor
59:26 Paladin
60:55 Heavy Plow
68:42 Two-Man Saw
Connection lost

Rejoining the realm…

Still unreachable

The connection could not be restored.

Session expired

The server has moved on; the page needs a fresh start.